 Dungeon Crawl Stone Soup version 0.29.1-15-g9cfb28693d (webtiles) character file.

Game seed: 9064035317692479573

40508 StoopidFlanders the Cleaver (level 14, -1/98 (111) HPs)
             Began as a Gnoll Wanderer on Apr 10, 2023.
             Was an Elder of Kikubaaqudgha.
             Killed from afar by Josephine (28 damage)
             ... with a ghostly fireball
             ... on level 5 of the Lair of Beasts on Apr 11, 2023.
             The game lasted 00:53:39 (26079 turns).

StoopidFlanders the Cleaver (Gnoll Wanderer)       Turns: 26079, Time: 00:53:39

HP:   -1/98 (111)   AC: 13    Str: 26    XL:     14   Next: 11%
MP:   13/27         EV: 15    Int: 17    God:    Kikubaaqudgha [****..]
Gold: 635           SH:  5    Dex: 10    Spells: 6/31 levels left

rFire   . . .      SeeInvis .   H - +5 dire flail (venom)
rCold   . . .      Faith    .   (shield currently unavailable)
rNeg    . . .      Spirit   .   f - +0 leather armour of Pathos {Int+7}
rPois   +          Reflect  +   (no helmet)
rElec   .          Harm     .   L - +0 cloak
rCorr   .          Rampage  .   Q - +2 pair of gloves {Stlth+}
Will    +....                   (no boots)
Stlth   +++++.....              N - amulet of reflection
HPRegen 0.26/turn               v - ring of poison resistance
MPRegen 0.20/turn               i - +6 ring of strength

@: slowed, heavily drained, very slow
A: fangs 1, strong nose, distributed training, iridescent scales 2, screaming 1
a: Renounce Religion, Unearth Wretches


You were on level 5 of the Lair of Beasts.
You worshipped Kikubaaqudgha.
Kikubaaqudgha was greatly pleased with you.
You visited 2 branches of the dungeon, and saw 17 of its levels.
You also visited: Volcano.

You collected 1082 gold pieces.
You spent 447 gold pieces at shops.

Inventory:

Hand Weapons
 t - a +0 quick blade of flaming
 H - a +5 dire flail of venom (weapon)
 I - a +2 glaive of flaming
Armour
 f - the +0 leather armour of Pathos (worn) {Int+7}
   (You found it on level 11 of the Dungeon)

   Int:       It affects your intelligence (+7).
 z - a +0 kite shield
 C - a +2 ring mail of cold resistance
 L - a +0 cloak (worn)
 P - +0 fire dragon scales
 Q - a +2 pair of gloves of stealth (worn)
 R - the +0 robe of the Valley of Death {rElec Str+3}
   (You found it on level 2 of the Lair of Beasts)

   Str:       It affects your strength (+3).
   rElec:     It insulates you from electricity.
 W - the +3 ring mail of Tender Moments {rPois}
   (You found it on level 4 of the Lair of Beasts)

   rPois:     It protects you from poison.
Jewellery
 g - a ring of willpower
 i - a +6 ring of strength (right hand)
 v - a ring of poison resistance (left hand)
 y - a ring of protection from cold
 M - an amulet of faith
 N - an amulet of reflection (around neck)
Wands
 c - a wand of flame (5) (quivered)
 E - a wand of digging (13)
 G - a wand of charming (8)
 J - a wand of polymorph (7)
 S - a wand of roots (2)
Scrolls
 j - 4 scrolls of vulnerability
 m - 3 scrolls of silence {unknown}
 n - 2 scrolls of summoning
 o - 7 scrolls of teleportation
 p - 4 scrolls of magic mapping
 q - 3 scrolls of fear
 r - 3 scrolls of butterflies
 w - a scroll of amnesia
 x - 3 scrolls of poison
 B - a scroll of torment
 D - a scroll of immolation {unknown}
 F - 2 scrolls of blinking
 T - 4 scrolls of identify
Potions
 a - 4 potions of magic
 b - 3 potions of curing
 d - 5 potions of attraction
 e - 3 potions of might
 h - 3 potions of haste
 k - 4 potions of flight
 l - 2 potions of ambrosia
 s - 6 potions of heal wounds
 u - 5 potions of brilliance
 A - a potion of cancellation {unknown}
 K - 2 potions of resistance
 O - a potion of invisibility {unknown}
 U - a potion of degeneration {unknown}
 V - a potion of berserk rage {unknown}


   Skills:
 + Level 10.3 Fighting
 + Level 9.2 Short Blades
 + Level 9.2 Long Blades
 + Level 13.7 Axes
 + Level 9.2 Maces & Flails
 + Level 9.2 Polearms
 + Level 9.2 Staves
 + Level 9.2 Ranged Weapons
 + Level 9.2 Throwing
 + Level 9.2 Armour
 + Level 10.3 Dodging
 + Level 9.2 Stealth
 + Level 9.2 Shields
 + Level 9.2 Unarmed Combat
 + Level 9.2 Spellcasting
 + Level 7.7 Conjurations
 + Level 7.7 Hexes
 + Level 7.7 Summonings
 + Level 7.7 Necromancy
 + Level 7.7 Translocations
 + Level 7.7 Transmutations
 + Level 7.7 Fire Magic
 + Level 7.7 Ice Magic
 + Level 7.7 Air Magic
 + Level 7.7 Earth Magic
 + Level 7.7 Poison Magic
 + Level 10.1 Invocations
 + Level 9.6 Evocations


You had 6 spell levels left.
You knew the following spells:

 Your Spells              Type           Power      Damage    Failure   Level
a - Sublimation of Blood  Necr           34%        N/A       1%          2
b - Animate Dead          Necr           34%        N/A       4%          4
c - Tukima's Dance        Hex            34%        N/A       1%          3
d - Mephitic Cloud        Conj/Pois/Air  34%        N/A       1%          3
e - Dispel Undead         Necr           34%        3d15      4%          4
f - Dazzling Flash        Conj/Hex       68%        N/A       1%          3
g - Death Channel         Necr           17%        N/A       54%         6

Your spell library contained the following spells:

 Spells                   Type           Power      Damage    Failure   Level
 Beastly Appendage        Tmut           68%        N/A       1%          1
 Magic Dart               Conj           100%       1d8       1%          1
 Necrotise                Necr           100%       1d9       1%          1
 Slow                     Hex            100%       N/A       1%          1
 Sting                    Tmut/Pois      100%       1d8       1%          1
 Call Imp                 Summ           34%        N/A       1%          2
 Poisonous Vapours        Pois/Air       68%        N/A       1%          2
 Wereblood                Tmut           34%        N/A       1%          2
 Confusing Touch          Hex            34%        N/A       1%          3
 Ozocubu's Armour         Ice            34%        N/A       1%          3
 Stone Arrow              Conj/Erth      68%        3d11      1%          3
 Vampiric Draining        Necr           34%        2d8       1%          3
 Anguish                  Hex/Necr       17%        N/A       4%          4
 Animate Armour           Summ/Erth      68%        N/A       4%          4
 Corpse Rot               Necr/Pois/Air  34%        N/A       4%          4
 Leda's Liquefaction      Hex/Erth       17%        N/A       4%          4
 Olgreb's Toxic Radiance  Pois           34%        N/A       4%          4
 Passage of Golubria      Tloc           34%        N/A       4%          4
 Summon Ice Beast         Ice/Summ       34%        N/A       4%          4
 Agony                    Necr           34%        N/A       12%         5
 Lee's Rapid Deconstruct  Erth           17%        3d11*     12%         5
 Metabolic Englaciation   Hex/Ice        17%        N/A       12%         5
 Silence                  Hex/Air        17%        N/A       12%         5
 Summon Mana Viper        Hex/Summ       34%        N/A       12%         5
 Yara's Violent Unravell  Hex/Tmut       17%        3d8       12%         5
 Simulacrum               Ice/Necr       17%        N/A       54%         6
 Statue Form              Tmut/Erth      22%        N/A       54%         6
 Monstrous Menagerie      Summ           17%        N/A       98%         7
 Summon Hydra             Summ           17%        N/A       98%         7
 Lehudib's Crystal Spear  Conj/Erth      17%        10d5      100%        8


Dungeon Overview and Level Annotations

Branches:
Dungeon (12/15)            Temple (0/1) D:5            Lair (5/5) D:8
  Swamp (0/4) Lair:2        Snake (0/4) Lair:3        Slime (0/5) Lair:4
Volcano (visited)
    Orc: D:9-12

Altars:
Dithmenos
Elyvilon
Kikubaaqudgha
Ru
Sif Muna
Vehumet
Wu Jian
Jiyva

Shops:
D:8 !*=!=

Annotations:
D:10 3 runed translucent doors, gugbubby's ghost, novice MiBe
D:12 Snorg
Lair:5 Josephine


Innate Abilities, Weirdness & Mutations

You have very sharp teeth.
Your uncanny sense of smell can sniff out nearby items.
Your experience applies equally to all skills.
You are mostly covered in iridescent scales. (AC +4)
You occasionally shout uncontrollably at your foes.


Message History

The ghostly fireball engulfs Josephine.
Josephine completely resists.
The ghostly fireball engulfs you!!
You feel drained.
* * * LOW HITPOINT WARNING * * *
The wraith hits you.
* * * LOW HITPOINT WARNING * * *
The wraith drains your vigour!
You feel as though you will be slow longer.
Josephine hits your cane toad zombie with a +2 dagger of electrocution.
Your cane toad zombie hits Josephine!
The wraith barely misses you.
Josephine hits your cane toad zombie with a +2 dagger of electrocution.
Lightning courses through your cane toad zombie!
Your cane toad zombie misses Josephine.
Casting: Dispel Undead (dangerous; 4% risk of failure)
Confirm with . or Enter, or press ? or * to list all spells.
Aiming: Dispel Undead (dangerous; 4% risk of failure)
Press: ? - help, Shift-Dir - straight line, f/p - wraith
Aim: a wraith (severely damaged, 100% to hit)
The wraith is dispelled!
You destroy the wraith!
Kikubaaqudgha accepts your kill.
Josephine hits your cane toad zombie but does no damage.
The wraith hits your cane toad zombie!
The wraith drains your cane toad zombie's vigour!
Your cane toad zombie seems to slow down.
Your cane toad zombie barely misses the wraith.
Josephine hits your cane toad zombie with a +2 dagger of electrocution.
Your cane toad zombie barely misses Josephine.
Something hits your cane toad zombie!
Your cane toad zombie is destroyed!
Aiming: Fastroot
Press: ? - help, Shift-Dir - straight line, f - Josephine
Aim: Josephine, wielding a +2 dagger of electrocution and wearing a +0 robe (heavily wounded, fast)
The roots erupt in riotous growth!
Roots grab Josephine.
The grasping roots constrict Josephine!!
Josephine points at you and mumbles some strange words.
The ghostly flame explodes!
The ghostly fireball engulfs you!!
You feel drained.
You die...
Kikubaaqudgha rasps: "You have failed me!
Welcome... death!"

......... .........#
#...P .........# #..P.#
.....[...######.P..##
....#..#..##.......P###
..........#.....#.....##
........###...###...#..
...##..#.##....##..÷....
#......@###..#...#......
...#..##...........##.#.
......#............P...
.....W.W@............†..
............#...#.....#.
..........#.#..P###....#
..#.............##....#.
#.#............###.....
. #...##..#...## #.....


You could see Josephine (fast, rooted).

Vanquished Creatures
  A stone giant (Volcano)
  6 hydras
  2 boulder beetles
  A catoblepas (Lair:5)
  2 two-headed ogres
  Sonja (Lair:3)
  A lindwurm (Lair:2)
  A wizard (D:11)
  Pikel (D:4)
  2 cyclopes (D:11)
  3 elephants (Lair:4)
  A manticore (D:11)
  3 black mambas (Lair:3)
  15 cane toads
  A torpor snail (Lair:4)
  An eye of devastation (Lair:4)
  A gargoyle (Volcano)
  4 komodo dragons
  A rime drake (Lair:4)
  3 trolls
  2 hornets
  A tyrant leech (Lair:1)
  A polar bear (Lair:4)
  Prince Ribbit (D:6)
  Grinder (D:5)
  21 blink frogs
  A shadow (D:7)
  A fire elemental (Volcano)
  5 wraiths
  2 basilisks (Lair:5)
  4 wyverns
  31 yaks
  2 vampire mosquitoes (D:11)
  2 steam dragons
  Menkaure (D:6)
  Edmund (D:6)
  3 swamp worms (Lair:2)
  16 water moccasins
  Duvessa (D:5)
  A floating eye (Lair:4)
  5 black bears
  5 ice beasts
  3 orc warriors
  19 wolves
  4 centaurs
  A lemure (D:4)
  A kobold brigand (D:10)
  4 gnoll sergeants
  10 bullfrogs
  3 earth elementals (Volcano)
  2 scorpions
  Dowan (D:5)
  5 howler monkeys
  12 killer bees
  5 electric eels
  A crimson imp (D:11)
  A hound (D:5)
  Crazy Yiuf (D:6)
  4 orc priests
  2 jellies (D:5)
  2 iguanas (D:5)
  3 hell rats (Lair:2)
  Natasha (thrice) (D:4)
  7 orc wizards
  15 gnolls
  5 adders
  A white imp (D:6)
  2 dart slugs
  35 orcs
  14 ball pythons
  4 bats
  9 endoplasms
  6 giant cockroaches
  8 goblins
  4 hobgoblins
  7 jackals
  4 quokkas
  3 frilled lizards (D:1)
  13 kobolds
  4 rats
387 creatures vanquished.

Vanquished Creatures (collateral kills)
  A black mamba (Lair:4)
  A blink frog (Lair:2)
  A kobold brigand (D:8)
  A bullfrog (Lair:4)
  A gnoll (D:9)
  A kobold (D:8)
6 creatures vanquished.

Vanquished Creatures (others)
  A death yak (Lair:2)
  An efreet (Volcano)
  3 komodo dragons
  A polar bear (Lair:4)
  2 yaks
  A wyvern (Lair:5)
  6 dancing weapons
  A cane toad zombie (Lair:5)
  2 water moccasins
  A rime drake zombie (Lair:4)
  A komodo dragon zombie (Lair:2)
  A scorpion (D:11)
  A yak zombie (Lair:2)
  A hell rat (Lair:2)
  An orc (D:8)
  A giant cockroach (D:11)
  40 fungi
  94 plants
159 creatures vanquished.

Grand Total: 552 creatures vanquished

Notes
Turn   | Place    | Note
-------+----------+-------------------------------------------
     0 | D:1      | Reached skill level 10 in Axes
     0 | D:1      | StoopidFlanders the Gnoll Wanderer began the quest for the
                  | Orb.
     0 | D:1      | StoopidFlanders set off with the following items: a +2 hand
                  | axe, a potion of curing, a wand of flame (4), a potion of
                  | attraction, a +0 leather armour.
     0 | D:1      | Reached XP level 1. HP: 20/20 MP: 1/1
   117 | D:1      | Reached XP level 2. HP: 26/26 MP: 2/2
   330 | D:1      | Found a faded altar of an unknown god.
   376 | D:1      | Got Plato's Grimoire of Forms
   542 | D:2      | Reached XP level 3. HP: 25/31 MP: 2/4
   694 | D:2      | Reached skill level 1 in Invocations
  1140 | D:2      | Reached skill level 1 in Short Blades
  1140 | D:2      | Reached skill level 1 in Long Blades
  1140 | D:2      | Reached skill level 1 in Maces & Flails
  1140 | D:2      | Reached skill level 1 in Polearms
  1140 | D:2      | Reached skill level 1 in Staves
  1140 | D:2      | Reached skill level 1 in Ranged Weapons
  1140 | D:2      | Reached skill level 1 in Throwing
  1140 | D:2      | Reached skill level 1 in Armour
  1140 | D:2      | Reached skill level 1 in Stealth
  1140 | D:2      | Reached skill level 1 in Shields
  1140 | D:2      | Reached skill level 1 in Unarmed Combat
  1140 | D:2      | Reached skill level 1 in Spellcasting
  1210 | D:2      | Reached XP level 4. HP: 37/38 MP: 5/5
  1384 | D:3      | Found an ornate altar of the Wu Jian Council.
  1508 | D:3      | Reached skill level 1 in Conjurations
  1508 | D:3      | Reached skill level 1 in Hexes
  1508 | D:3      | Reached skill level 1 in Summonings
  1508 | D:3      | Reached skill level 1 in Necromancy
  1508 | D:3      | Reached skill level 1 in Translocations
  1508 | D:3      | Reached skill level 1 in Transmutations
  1508 | D:3      | Reached skill level 1 in Fire Magic
  1508 | D:3      | Reached skill level 1 in Ice Magic
  1508 | D:3      | Reached skill level 1 in Air Magic
  1508 | D:3      | Reached skill level 1 in Earth Magic
  1508 | D:3      | Reached skill level 1 in Poison Magic
  1547 | D:3      | Noticed a scorpion
  1572 | D:3      | Killed a scorpion
  1573 | D:3      | Reached XP level 5. HP: 30/43 MP: 5/7
  1713 | D:3      | Found a sacrificial altar of Ru.
  1886 | D:3      | Found a radiant altar of Vehumet.
  1914 | D:3      | Found an ancient bone altar of Kikubaaqudgha.
  1933 | D:3      | Became a worshipper of Kikubaaqudgha
  1976 | D:3      | Found a shimmering blue altar of Sif Muna.
  1983 | D:3      | Reached XP level 6. HP: 44/50 MP: 8/8
  2562 | D:4      | Reached skill level 5 in Fighting
  2562 | D:4      | Reached skill level 5 in Dodging
  2738 | D:4      | Noticed Natasha
  2749 | D:4      | Killed Natasha
  2906 | D:4      | Noticed Pikel
  2928 | D:4      | Noticed Natasha
  2942 | D:4      | Killed Natasha
  3194 | D:4      | Noticed Natasha
  3199 | D:4      | Killed Natasha
  3325 | D:4      | Reached * piety under Kikubaaqudgha
  3325 | D:4      | Received a gift from Kikubaaqudgha
  3367 | D:4      | Killed Pikel
  3368 | D:4      | Reached XP level 7. HP: 22/56 MP: 9/11
  3653 | D:5      | Entered Level 5 of the Dungeon
  3654 | D:5      | Noticed Duvessa
  3654 | D:5      | Noticed Grinder
  3657 | D:5      | Noticed Dowan
  3803 | D:5      | Killed Duvessa
  3804 | D:5      | Reached XP level 8. HP: 63/63 MP: 12/12
  3810 | D:5      | Killed Dowan
  3904 | D:5      | Killed Grinder
  3905 | D:5      | Reached skill level 11 in Axes
  4924 | D:5      | Found a staircase to the Ecumenical Temple.
  4959 | D:6      | Learned a level 2 spell: Sublimation of Blood
  4964 | D:6      | Learned a level 4 spell: Animate Dead
  4972 | D:6      | Noticed Prince Ribbit
  4983 | D:6      | Killed Prince Ribbit
  4984 | D:6      | Reached XP level 9. HP: 25/69 MP: 14/14
  5215 | D:6      | Noticed Menkaure
  5622 | D:6      | Reached skill level 5 in Evocations
  5802 | D:6      | Killed Menkaure
  6247 | D:6      | Noticed Edmund
  6278 | D:6      | Killed Edmund
  6659 | D:6      | Found a runed translucent door.
  6660 | D:6      | Noticed Crazy Yiuf
  6994 | D:6      | Killed Crazy Yiuf
  7259 | D:7      | Noticed a hornet
  7300 | D:6      | Killed a hornet
  7455 | D:7      | Reached ** piety under Kikubaaqudgha
  7456 | D:7      | Reached skill level 5 in Invocations
  7484 | D:7      | Noticed a hornet
  7492 | D:7      | Killed a hornet
  7755 | D:7      | Reached skill level 5 in Short Blades
  7755 | D:7      | Reached skill level 5 in Long Blades
  7755 | D:7      | Reached skill level 5 in Maces & Flails
  7755 | D:7      | Reached skill level 5 in Polearms
  7755 | D:7      | Reached skill level 5 in Staves
  7755 | D:7      | Reached skill level 5 in Ranged Weapons
  7755 | D:7      | Reached skill level 5 in Throwing
  7755 | D:7      | Reached skill level 5 in Armour
  7755 | D:7      | Reached skill level 5 in Stealth
  7755 | D:7      | Reached skill level 5 in Shields
  7755 | D:7      | Reached skill level 5 in Unarmed Combat
  7755 | D:7      | Reached skill level 5 in Spellcasting
  7755 | D:7      | Reached XP level 10. HP: 28/77 MP: 17/17
  9078 | D:8      | Found Defuamn's Distillery.
  9385 | D:8      | Bought a potion of heal wounds for 70 gold pieces
  9385 | D:8      | Bought a potion of might for 56 gold pieces
  9385 | D:8      | Bought a potion of curing for 42 gold pieces
  9385 | D:8      | Bought a potion of curing for 42 gold pieces
  9385 | D:8      | Bought 2 potions of heal wounds for 140 gold pieces
  9422 | D:8      | Found Xeihoap's Jewellery Shop.
  9786 | D:8      | Found Qiommi Eple's General Store.
  9789 | D:8      | Bought a scroll of magic mapping for 97 gold pieces
 10001 | D:8      | Found Ecuemecy's Distillery.
 10062 | D:8      | Found a staircase to the Lair.
 10153 | D:8      | Found Kekam's Jewellery Emporium.
 11012 | D:9      | Learned a level 3 spell: Tukima's Dance
 11299 | D:9      | Reached skill level 12 in Axes
 11457 | D:9      | Reached skill level 5 in Conjurations
 11457 | D:9      | Reached skill level 5 in Hexes
 11457 | D:9      | Reached skill level 5 in Summonings
 11457 | D:9      | Reached skill level 5 in Necromancy
 11457 | D:9      | Reached skill level 5 in Translocations
 11457 | D:9      | Reached skill level 5 in Transmutations
 11457 | D:9      | Reached skill level 5 in Fire Magic
 11457 | D:9      | Reached skill level 5 in Ice Magic
 11457 | D:9      | Reached skill level 5 in Air Magic
 11457 | D:9      | Reached skill level 5 in Earth Magic
 11457 | D:9      | Reached skill level 5 in Poison Magic
 11704 | D:9      | Learned a level 3 spell: Mephitic Cloud
 11919 | D:10     | Entered Level 10 of the Dungeon
 11919 | D:10     | Noticed a two-headed ogre
 11926 | D:10     | Killed a two-headed ogre
 11927 | D:10     | Reached XP level 11. HP: 59/86 MP: 17/20
 12053 | D:10     | Reached *** piety under Kikubaaqudgha
 12053 | D:10     | Received a gift from Kikubaaqudgha
 12279 | D:10     | Identified the +1 robe "Amichoho" {rPois rC++ Int-2 Dex+3}
 12794 | D:10     | Found a runed translucent gate.
 12794 | D:10     | Found a runed translucent gate.
 12794 | D:10     | Found a runed translucent gate.
 12796 | D:10     | Noticed gugbubby's ghost (novice MiBe)
 13086 | D:10     | Gained mutation: You are partially covered in iridescent
                  | scales. (AC +2) [potion of mutation]
 13086 | D:10     | Gained mutation: You occasionally shout uncontrollably at
                  | your foes. [potion of mutation]
 13086 | D:10     | Gained mutation: You are mostly covered in iridescent
                  | scales. (AC +4) [potion of mutation]
 13400 | D:10     | Found a large runed translucent door.
 13401 | D:10     | Found a large runed translucent door.
 13446 | D:10     | Found a shadowy altar of Dithmenos.
 13461 | D:10     | Found a white marble altar of Elyvilon.
 13772 | D:11     | Identified the +0 leather armour of Pathos {Int+7}
 13798 | D:11     | Noticed a two-headed ogre
 13813 | D:11     | Killed a two-headed ogre
 14151 | D:11     | Noticed a boulder beetle
 14163 | D:11     | Noticed a cyclops
 14176 | D:11     | Noticed a cyclops
 14185 | D:11     | Killed a boulder beetle
 14186 | D:11     | Killed a cyclops
 14207 | D:11     | Noticed a manticore
 14212 | D:11     | Killed a manticore
 14216 | D:11     | Killed a cyclops
 14484 | D:11     | Noticed a wizard
 14498 | D:11     | Killed a wizard
 15007 | D:12     | Noticed Snorg
 15118 | Lair:1   | Entered Level 1 of the Lair of Beasts
 15172 | Lair:1   | Reached XP level 12. HP: 81/94 MP: 19/22
 15736 | Lair:1   | Learned a level 4 spell: Dispel Undead
 15740 | Lair:1   | Learned a level 3 spell: Dazzling Flash
 16164 | Lair:2   | Found a dark tunnel.
 16170 | Volcano  | Entered a volcano
 16267 | Volcano  | Noticed a stone giant
 16289 | Volcano  | Killed a stone giant
 16926 | Lair:2   | Identified the +0 robe of the Valley of Death {rElec Str+3}
 17111 | Lair:2   | Reached **** piety under Kikubaaqudgha
 18496 | Lair:2   | Noticed a five-headed hydra
 19055 | Lair:2   | Killed a one-headed hydra
 19060 | Lair:2   | HP: 4/95 [cane toad (12)]
 19442 | Lair:2   | Noticed a seven-headed hydra
 19459 | Lair:2   | Killed a six-headed hydra
 19460 | Lair:2   | Reached skill level 13 in Axes
 19798 | Lair:2   | Found a staircase to the Swamp.
 19898 | Lair:3   | Found a staircase to the Snake Pit.
 19928 | Lair:3   | Reached XP level 13. HP: 44/101 MP: 17/25
 20075 | Lair:3   | Noticed Sonja
 20414 | Lair:3   | Killed Sonja
 22074 | Lair:4   | Paralysed by a floating eye for 3 turns
 22271 | Lair:4   | Found a viscous altar of Jiyva.
 22271 | Lair:4   | Found a staircase to the Slime Pits.
 22279 | Lair:4   | Learned a level 6 spell: Death Channel
 22320 | Lair:4   | Identified the +3 ring mail of Tender Moments {rPois}
 22968 | Lair:4   | Reached skill level 10 in Fighting
 22968 | Lair:4   | Reached skill level 10 in Dodging
 23411 | Lair:4   | Found a runed translucent door.
 24098 | Lair:5   | Entered Level 5 of the Lair of Beasts
 25618 | Lair:5   | Reached skill level 10 in Invocations
 25618 | Lair:5   | Reached XP level 14. HP: 88/110 MP: 21/27
 25758 | Lair:5   | Noticed Josephine
 26079 | Lair:5   | Killed from afar by Josephine

Illustrated notes

Levels and vault maps discovered:
D:1:      tarquinn_simple_flora_water_b, layout_rooms,
          shapermc_ecumenical_altar_rom_forum
D:2:      layout_basic, roderic_serpentine_path, serial_bayou_ford_a
D:3:      layout_loops_ring, palyth_temple_overflow_mages, hangedman_ru_absence,
          nicolae_overflow_crystal_walls, hangedman_abyss_or_decor_stabs,
          st_stairs_2
D:4:      layout_basic, uniq_pikel, uniq_natasha
D:5:      layout_basic, minmay_temple_entry_enclosed_plants, uniq_duvessa,
          uniq_grinder
D:6:      nicolae_cairo_tiling, layout_basic, uniq_crazy_yiuf_cottage,
          uniq_menkaure, uniq_edmund, uniq_prince_ribbit1
D:7:      layout_rooms
D:8:      layout_basic, dpeg_oklobed_lair, serial_shops, nicolae_square_shop,
          nicolae_shop_hallway_plus, nicolae_shop_behind_doors,
          nicolae_lakefront_shop, kennysheep_mini_moat,
          kennysheep_generic_room_12
D:9:      layout_roguey, nicolae_two_hexagons
D:10:     layout_basic, jmf_multi_god_temple2, ebering_ghost_rock_garden,
          minmay_strange_pillars
D:11:     layout_small_grid, small_chamber_with_monster, lightli_wizard_tower
D:12:     layout_roguey, orc_0_dummy, nicolae_uskayaw_suspiria, uniq_snorg,
          uniq_nergalle
Lair:1:   layout_gridlike, serial_bayou_shore_b, grunt_megastairs_2
Lair:2:   layout_concentric_octagons, palyth_hydra_swamp_entry, serial_bayou,
          serial_bayou_pond_e, serial_bayou_lake_a, serial_bayou_shore_b,
          serial_bayou_crossing, nicolae_volcano_entry_vermiform
Lair:3:   layout_regular_city, minmay_snake_entry_six_corridors, uniq_sonja
Lair:4:   layout_hall_layers, minmay_slime_entry_eyes, pf_torpor_hydra,
          grunt_megastairs_1
Lair:5:   grunt_lair_end_beastmaster, layout_loops_ring,
          infiniplex_staircase_pool, uniq_josephine

Skill      XL: |  1  2  3  4  5  6  7  8  9 10 11 12 13 |
---------------+----------------------------------------+-----
Axes           | 11 12 13 | 13.7
Invocations    | 1 2 3 4 5 6 7 8 10 | 10.1
Short Blades   | 1 2 3 5 6 7 8 9 |  9.2
Long Blades    | 1 2 3 5 6 7 8 9 |  9.2
Maces & Flails | 1 2 3 5 6 7 8 9 |  9.2
Polearms       | 1 2 3 5 6 7 8 9 |  9.2
Staves         | 1 2 3 5 6 7 8 9 |  9.2
Ranged Weapons | 1 2 3 5 6 7 8 9 |  9.2
Throwing       | 1 2 3 5 6 7 8 9 |  9.2
Armour         | 1 2 3 5 6 7 8 9 |  9.2
Stealth        | 1 2 3 5 6 7 8 9 |  9.2
Shields        | 1 2 3 5 6 7 8 9 |  9.2
Unarmed Combat | 1 2 3 5 6 7 8 9 |  9.2
Spellcasting   | 1 2 3 5 6 7 8 9 |  9.2
Conjurations   | 1 2 3 4 5 6 7 |  7.7
Hexes          | 1 2 3 4 5 6 7 |  7.7
Summonings     | 1 2 3 4 5 6 7 |  7.7
Necromancy     | 1 2 3 4 5 6 7 |  7.7
Translocations | 1 2 3 4 5 6 7 |  7.7
Transmutations | 1 2 3 4 5 6 7 |  7.7
Fire Magic     | 1 2 3 4 5 6 7 |  7.7
Ice Magic      | 1 2 3 4 5 6 7 |  7.7
Air Magic      | 1 2 3 4 5 6 7 |  7.7
Earth Magic    | 1 2 3 4 5 6 7 |  7.7
Poison Magic   | 1 2 3 4 5 6 7 |  7.7
Evocations     | 3 4 5 6 7 8 9 |  9.6
Fighting       | 5 6 7 8 9 10 | 10.3
Dodging        | 5 6 7 8 9 10 | 10.3

Action                   |  1- 3 |  4- 6 |  7- 9 | 10-12 | 13-15 || total
-------------------------+-------+-------+-------+-------+-------++-------
Melee: Hand axe          |    79 |   156 |   165 |       |       ||   400
       Bite              |     3 |    10 |    21 |    62 |    49 ||   145
       Dire flail        |       |       |    60 |   584 |   359 ||  1003
       Glaive            |       |       |       |     8 |    29 ||    37
 Cast: Tukima's Dance    |       |       |       |    19 |       ||    19
       Mephitic Cloud    |       |       |       |    25 |    15 ||    40
       Dazzling Flash    |       |       |       |    11 |    15 ||    26
       Animate Dead      |       |       |       |     1 |     2 ||     3
       Dispel Undead     |       |       |       |       |     4 ||     4
Invok: Unearth Wretches  |       |       |       |     2 |     2 ||     4
Evoke: Wand              |       |     5 |    30 |    25 |     7 ||    67
  Use: Scroll            |       |     3 |       |    15 |     1 ||    19
       Potion            |       |     1 |     6 |    12 |     4 ||    23
 Stab: Sleeping          |       |     2 |     1 |     3 |     4 ||    10
       Confused          |       |       |       |    15 |     6 ||    21
       Invisible         |       |       |       |     2 |     2 ||     4
Armor: Leather armour    |    16 |    27 |     1 |    66 |   145 ||   255
       Skin              |       |    20 |    13 |    19 |       ||    52
       Ring mail         |       |       |    55 |   114 |       ||   169
Dodge: Dodged            |    41 |    65 |    79 |   391 |   307 ||   883
Block: Buckler           |       |     3 |    28 |       |       ||    31
       Other             |       |       |       |    60 |    94 ||   154
       Reflection        |       |       |       |     1 |     1 ||     2
